 Dungeon Crawl Stone Soup version 0.19-a0-1065-gdac414d (webtiles) character file.

172 Gagarin the Insei (level 5, -5/45 HPs)
             Began as a Naga Transmuter on Aug 3, 2016.
             Killed from afar by an orc wizard (10 damage)
             ... with a magic dart
             ... on level 3 of the Dungeon.
             The game lasted 00:08:02 (2752 turns).

Gagarin the Insei (Naga Transmuter)                 Turns: 2752, Time: 00:08:03

Health: -5/45      AC:  2    Str: 12    XL:     5   Next: 52%
Magic:  2/9        EV: 16    Int: 14    God:
Gold:   226        SH:  0    Dex: 17    Spells: 2 memorised, 6 levels left

rFire  . . .     SeeInvis +       - Unarmed
rCold  . . .     Gourm    .     b - +0 robe
rNeg   . . .     Faith    .     (no shield)
rPois  +         Spirit   .     (no helmet)
rElec  .         Dismiss  .     (no cloak)
rCorr  .         Reflect  .     (no gloves)
SustAt .         Harm     .     (no barding)
MR     .....                    (no amulet)
Stlth  +++.......               (no ring)
                                (no ring)

@: agile, appendage, very slightly contaminated, hasted, quick
A: horns 2, see invisible, deformed body, poison resistance, slowness 2, slow
metabolism 1, spit poison 2, AC +1
a: Spit Poison, End Transformation


You were on level 3 of the Dungeon.
You were hungry.
You had grown temporary horns.
You visited 1 branch of the dungeon, and saw 4 of its levels.

You collected 226 gold pieces.

Inventory:

Missiles
 a - 20 arrows
 s - 10 poisoned needles
Armour
 b - a +0 robe (worn)
 v - a +0 helmet
Jewellery
 e - a cursed ring of teleportation {unknown}
 u - a +1 ring of evasion {unknown}
Scrolls
 f - a scroll of teleportation {unknown}
 j - 2 scrolls of remove curse {unknown}
 k - 2 scrolls of blinking {unknown}
 l - 2 scrolls of identify {unknown}
 p - a scroll of random uselessness {unknown}
 t - a scroll of enchant armour {unknown}
 w - a scroll of recharging {unknown}
 x - a scroll of magic mapping {unknown}
Potions
 g - 2 potions of haste
 h - 2 potions of might {unknown}
 m - 2 potions of heal wounds {unknown}
 n - a potion of agility
 o - a potion of lignification {unknown}
 r - a potion of degeneration {unknown}
Books
 c - a book of Changes

   Spells                             Type                      Level
   a - Beastly Appendage              Transmutation                1
   b - Sticks to Snakes               Transmutation                2
   c - Spider Form                    Transmutation/Poison         3
   d - Ice Form                       Ice/Transmutation            4
   e - Blade Hands                    Transmutation                5
Comestibles
 d - 5 bread rations
 i - 2 beef jerkies


   Skills:
 + Level 2.0 Fighting
 + Level 2.4 Dodging
 + Level 1.6 Stealth
 + Level 4.0 Unarmed Combat
 + Level 2.6 Spellcasting
 + Level 2.8 Transmutations


You had 6 spell levels left.
You knew the following spells:

 Your Spells              Type           Power        Failure   Level  Hunger
a - Beastly Appendage     Tmut           #.....       10%         1    #......
b - Sticks to Snakes      Tmut           #.......     12%         2    ###....


Dungeon Overview and Level Annotations

Branches:
Dungeon (4/15)
 Temple: D:4-7

Altars:
Ashenzari


Innate Abilities, Weirdness & Mutations

You cannot wear boots.
Your serpentine skin is tough. (AC +1)
You have supernaturally acute eyesight. (SInv)
Armour fits poorly on your strangely shaped body.
Your system is resistant to poisons. (rPois)
You cover ground very slowly.
You have a slow metabolism.
You can spit poison.
You have a pair of horns on your head.


Message History

It was a potion of agility.
You feel agile all of a sudden. The orc wizard hits you with a dagger.
* * * LOW HITPOINT WARNING * * *
Casting: Sticks to Snakes
Confirm with . or Enter, or press ? or * to list all spells.
You grow a pair of large bovine horns.
The orc wizard hits you but does no damage.
You hit the orc wizard but do no damage.
You hit the orc wizard but do no damage.
The orc wizard misses you.
You closely miss the orc wizard. Your headbutt misses the orc wizard.
The orc wizard misses you.
You hit the orc wizard.
The orc wizard is lightly wounded.
You barely miss the orc wizard.
The orc wizard is lightly wounded.
The orc wizard points at you and mumbles some strange words.
The magic dart hits you!
You die...

# #.#####..####....# ###...
######.......## ##.#..# ####
........####.# #..#..### #
#####...# #.####.###...####
#####..## #.##...# #.#....#
#.......# #....### #.####.##
#.......# ##.### #.# #..#####
#......<#####.#######.####.......
#..............o@............####
#.......#####.######.#######.#
#.......##.....o>.##.# #.###
#.......##.....S..##.# #...#
#.......##........##.# ###.##
#.......##........##.# #...
##########........##.# ###.
#........##.# #. #(.......##)# #.


You could see an orc wizard (invisible).

Vanquished Creatures
  2 worker ants (D:3)
  Natasha (D:3)
  A worker ant zombie (D:4)
  3 adders
  A worm (D:2)
  A dart slug (D:2)
  2 giant geckos (D:2)
  2 ball pythons
  4 giant cockroaches
  4 hobgoblins
  4 jackals (D:2)
  A quokka (D:2)
  7 bats
  7 goblins
  6 kobolds
  6 rats
52 creatures vanquished.

Vanquished Creatures (collateral kills)
  A worm (D:3)
1 creature vanquished.

Vanquished Creatures (others)
  2 kobolds (D:1)
2 creatures vanquished.

Grand Total: 55 creatures vanquished

Notes
Turn   | Place    | Note
-------+----------+-------------------------------------------
     0 | D:1      | Gagarin the Naga Transmuter began the quest for the Orb.
     0 | D:1      | Reached XP level 1. HP: 18/18 MP: 3/3
   301 | D:1      | Reached XP level 2. HP: 15/25 MP: 5/5
   834 | D:2      | Reached XP level 3. HP: 27/31 MP: 6/6
  1438 | D:1      | Learned a level 2 spell: Sticks to Snakes
  1645 | D:2      | Reached XP level 4. HP: 23/39 MP: 7/7
  2268 | D:3      | Reached skill level 1 in Stealth
  2268 | D:3      | Reached XP level 5. HP: 45/45 MP: 8/8
  2286 | D:3      | Found a shattered altar of Ashenzari.
  2453 | D:3      | Noticed Natasha
  2467 | D:3      | Killed Natasha
  2467 | D:3      | Reached skill level 4 in Unarmed Combat
  2752 | D:3      | Killed from afar by an orc wizard

Vault maps used:
D:1:      lemuel_arrival_funnel, lemuel_old_faithful
D:3:      cheibrodos_ashenzari_chains, uniq_natasha
D:4:      yredelemnul_altar_generic, first_bread, grunt_ministairs_14,
          minivault_14, kennysheep_big_empty_room, uniq_robin

Skill      XL: |  1  2  3  4  5 |
---------------+----------------+-----
Dodging        | 2 |  2.4
Fighting       | 2 |  2.0
Stealth        | 1 |  1.6
Unarmed Combat | 4 |  4.0
Spellcasting   | |  2.6
Transmutations | |  2.8

Action                   |  1- 3 |  4- 6 || total
-------------------------+-------+-------++-------
Melee: Unarmed           |   101 |    63 ||   164
       Headbutt          |    10 |    12 ||    22
       Punch             |     1 |       ||     1
 Cast: Beastly Appendage |    20 |    15 ||    35
       Sticks to Snakes  |     2 |     5 ||     7
 Abil: Spit Poison       |     1 |     3 ||     4
  Use: Potion            |       |     2 ||     2
 Stab: Sleeping          |       |     1 ||     1
  Eat: Chunk             |     2 |     3 ||     5
Armor: Robe              |    19 |    16 ||    35
Dodge: Dodged            |    66 |    48 ||   114
